 Dungeon Crawl Stone Soup version 0.28.0-56-g4927b6849a (webtiles) character file.

Game seed: 16719553068846122313

214 Atelerd the Digger (level 5, -1/31 (32) HPs)
             Began as an Octopode Earth Elementalist on Jan 26, 2023.
             Slain by Crazy Yiuf
             ... wielding a +2 quarterstaff of chaos
              (15 damage)
             ... on level 2 of the Dungeon.
             The game lasted 00:01:52 (2334 turns).

Atelerd the Digger (Octopode Earth Elementalist)    Turns: 2334, Time: 00:01:52

HP:   -1/31 (32)    AC:  1    Str:  7    XL:     5   Next: 91%
MP:   0/10          EV: 18    Int: 20    God:
Gold: 55            SH:  0    Dex: 12    Spells: 6/11 levels left

rFire   . . .      SeeInvis .   i - +0 hand axe (elec)
rCold   . . .      Faith    .   (no shield)
rNeg    . . .      Spirit   .   (helmet restricted)
rPois   .          Reflect  .   (no amulet)
rElec   .          Harm     .   (no ring)
rCorr   .          Rampage  .   (no ring)
Will    .....                   (no ring)
Stlth   +++.......              (no ring)
HPRegen 0.10/turn               (no ring)
MPRegen 0.12/turn               (no ring)
                                (no ring)
                                (no ring)

@: agile, lightly drained
A: almost no armour, amphibious, 8 rings, camouflage 1, gelatinous body 1,
(nimble swimmer 1), tentacles
a: no special abilities


You were on level 2 of the Dungeon.
You visited 1 branch of the dungeon, and saw 2 of its levels.

You collected 55 gold pieces.

Inventory:

Hand Weapons
 e - a +0 dagger
 i - a +0 hand axe of electrocution (weapon)
Missiles
 b - 30 stones
Jewellery
 f - a +6 ring of dexterity
 j - a ring of wizardry
Scrolls
 a - a scroll of teleportation {unknown}
 c - a scroll of identify {unknown}
 g - 3 scrolls of immolation {unknown}
Potions
 d - a potion of heal wounds {unknown}
 h - 3 potions of curing {unknown}


   Skills:
 + Level 0.5 Fighting
 - Level 2.0 Dodging
 + Level 3.2 Stealth
 + Level 1.0 Unarmed Combat
 + Level 3.6 Spellcasting
 + Level 1.0 Transmutations
 + Level 4.9 Earth Magic


You had 6 spell levels left.
You knew the following spells:

 Your Spells              Type           Power      Damage    Failure   Level
a - Sandblast             Erth           46%        2d11      1%          1
p - Petrify               Tmut/Erth      15%        N/A       36%         4

Your spell library contained the following spells:

 Spells                   Type           Power      Damage    Failure   Level
 Passwall                 Tmut/Erth      12%        N/A       6%          2
 Stone Arrow              Conj/Erth      26%        3d8       14%         3


Dungeon Overview and Level Annotations

Branches:
Dungeon (2/15)

Altars:

Annotations:
D:1 exclusion: downstairs
D:2 Crazy Yiuf


Innate Abilities, Weirdness & Mutations

You cannot wear most types of armour.
You are amphibious.
You can wear up to eight rings at the same time.
Your skin changes colour to match your surroundings (Stealth+).
Your rubbery body absorbs attacks. (AC +1, EV +1)
((You are camouflaged when in or above water. (Stealth+)))
You have tentacles for arms and can constrict up to eight enemies at once.


Message History

You feel drained.
Crazy Yiuf hits you with a +2 quarterstaff of chaos.
Crazy Yiuf freezes you.
There is a stone staircase leading up, spattered with blood here.
Casting: Sandblast (safe; 1% risk of failure)
Confirm with . or Enter, or press ? or * to list all spells.
The spell is potentially lethal to miscast (36% risk of failure)!
Continue anyway?
Aiming: Petrify (potentially lethal; 36% risk of failure)
Press: ? - help, Shift-Dir - straight line, f - Crazy Yiuf
Aim: Crazy Yiuf, wielding a +2 quarterstaff of chaos and wearing a +0 cloak (chance to affect: 57%)
You miscast Petrify.
You are very lightly contaminated with residual magic.
Nothing appears to happen.
Crazy Yiuf hits you with a +2 quarterstaff of chaos!
You feel agile all of a sudden.
Crazy Yiuf screams, "Cards sing childish!"
Your magical contamination has completely faded away.
Crazy Yiuf laughs, "Flower leg bush!"
You hit Crazy Yiuf. Your grab misses Crazy Yiuf.
Crazy Yiuf is lightly wounded.
Crazy Yiuf misses you.
Casting: Petrify (potentially lethal; 36% risk of failure)
Confirm with . or Enter, or press ? or * to list all spells.
The spell is potentially lethal to miscast (36% risk of failure)!
Continue anyway?
Aiming: Petrify (potentially lethal; 36% risk of failure)
Press: ? - help, Shift-Dir - straight line, f/p - Crazy Yiuf
Aim: Crazy Yiuf, wielding a +2 quarterstaff of chaos and wearing a +0 cloak (lightly wounded, chance to affect: 57%) Crazy Yiuf resists with significant effort.
Crazy Yiuf completely misses you.
Unknown command.
There is a stone staircase leading up here.
Casting: Petrify (potentially lethal; 36% risk of failure)
Confirm with . or Enter, or press ? or * to list all spells.
The spell is potentially lethal to miscast (36% risk of failure)!
Continue anyway?
Aiming: Petrify (potentially lethal; 36% risk of failure)
Press: ? - help, Shift-Dir - straight line, f/p - Crazy Yiuf
Aim: Crazy Yiuf, wielding a +2 quarterstaff of chaos and wearing a +0 cloak (chance to affect: 57%) Crazy Yiuf is moving more slowly.
Crazy Yiuf hits you with a +2 quarterstaff of chaos!
You die...

#.##.###.# #.# ### #........# #.#
#)..#♣ ####.##### #.# #...'. #
##'## #.# #...#♣ ###...##
######.# ### ♣ ##.....## #......#
#.......###.##.### #####
.........##.#...######...########
.........'......@g...............
.........##.#...######.###.......
#.......###....## #.# #....###
##.....## ####.# #.# #.#.## #
##...## #.# #.# #.#.#### ##'##
#.# #.###....... #.# #.#
#.......#### # #)# #.#
#####.###### ####†## #.# #.......


You could see Crazy Yiuf (petrifying).

Vanquished Creatures
  Sigmund (D:2)
  An adder (D:2)
  A gnoll (D:1)
  2 dart slugs (D:2)
  7 ball pythons
  5 endoplasms
  A giant cockroach (D:2)
  3 goblins (D:2)
  3 hobgoblins (D:1)
  4 jackals (D:2)
  4 kobolds
  A quokka (D:2)
  4 bats
  2 frilled lizards (D:1)
  6 rats
45 creatures vanquished.

Notes
Turn   | Place    | Note
-------+----------+-------------------------------------------
     0 | D:1      | Atelerd the Octopode Earth Elementalist began the quest for
                  | the Orb.
     0 | D:1      | Reached XP level 1. HP: 11/11 MP: 3/3
   268 | D:1      | Reached XP level 2. HP: 17/17 MP: 0/5
   715 | D:1      | Reached XP level 3. HP: 6/21 MP: 4/6
  1149 | D:2      | Noticed Sigmund
  1159 | D:2      | Killed Sigmund
  1160 | D:2      | Reached skill level 4 in Earth Magic
  1160 | D:2      | Reached XP level 4. HP: 22/27 MP: 1/9
  1160 | D:2      | Reached XP level 5. HP: 27/32 MP: 1/10
  1263 | D:2      | Found a runed translucent door.
  1264 | D:2      | Noticed Crazy Yiuf
  1382 | D:2      | Reached skill level 1 in Unarmed Combat
  2290 | D:2      | Learned a level 4 spell: Petrify
  2334 | D:2      | Slain by Crazy Yiuf

Illustrated notes

Levels and vault maps discovered:
D:1:      dpeg_arrival_tiny_i, layout_rooms, minmay_misc_feat_doors
D:2:      layout_loops_corners, uniq_crazy_yiuf_cottage, uniq_sigmund

Skill      XL: |  1  2  3  4  5 |
---------------+----------------+-----
Stealth        | 3 |  3.2
Spellcasting   | 3 |  3.6
Earth Magic    | 4 |  4.9
Unarmed Combat | 1 |  1.0
Fighting       | |  0.5
Dodging        | |  2.0
Transmutations | |  1.0

Action                   |  1- 3 |  4- 6 || total
-------------------------+-------+-------++-------
Melee: Unarmed           |    17 |     3 ||    20
       Constrict         |     8 |     3 ||    11
       Tentacles         |     4 |     2 ||     6
       Punch             |     2 |       ||     2
       Hand axe          |       |    10 ||    10
       Dagger            |       |     3 ||     3
 Cast: Sandblast         |    24 |    20 ||    44
       Petrify           |       |     2 ||     2
 Stab: Sleeping          |       |     3 ||     3
Armor: Skin              |     1 |     4 ||     5
Dodge: Dodged            |    17 |    17 ||    34
